Unix NetHack Version 5.0.0-0 post-release - last build Jul 19 2026 19:10:59 (3aa4ab31751d3886436d94b585a96704892fd477,branch:main).

Game began 2026-07-22 00:11:09, ended 2026-07-22 00:21:54.

Jinnora, neutral female human Wizard

    -----                                                      -----------
    |...|                                                   ###-p........|
    |...|                                                   #  |@%.......|
    |>...     -----       #                                 #  |.........|
    |...|###[#.<...[##*#*# #                                #  |.........|
    ---+-     |...|  #   ---.------                      ####  -------.---
              |...|      |....(...|                      #
              -----      .........|                      #
                         |........|  #                   #
                         ..........###                  #%
                         ----------  %  -------     ####################
                                      ##|.....|    ####             ---.-+----
                                        ......|######               |........|
                                        |.....-#####################.........|
                                        |.....|#                    |........|
                                        |..(..|                     |........|
                                        -------                     ----------

Jinnora the Conjurer      St:9 Dx:15 Co:11 In:18 Wi:12 Ch:10  Neutral
Dlvl:5  $:327 HP:0(36) Pw:60(64) AC:7  Xp:5/231 T:1729  Satiated Burdened

Latest messages:
 You see here a cloudy potion.
 You have a little trouble lifting U - a cloudy potion.
 You see here a tin.
 You have a little trouble lifting V - a tin.
 The air crackles around the orc shaman.
 The orc shaman points at you, then curses.
 The orc shaman points at you, then curses.
 You hit the orc shaman.
 The orc shaman points all around, then curses.
 You hit the orc shaman!
 The orc shaman points all around, then curses.
 The orc shaman points at you, then curses.
 You hit the orc shaman.
 The orc shaman points all around, then curses.
 You miss the orc shaman.
 The orc shaman casts a spell!
 The orc shaman looks better.
 You hit the orc shaman!
 The orc shaman points all around, then curses.
 The orc shaman points all around, then curses.
 You kill the orc shaman!
 You see here an orc shaman corpse.
 You find a hidden door.
 In what direction? 6
 The door resists!
 In what direction? 6
 The door opens.
 You see here 9 gold pieces.
 The dwarf throws a dagger!
 The dagger hits it.
 You have a little trouble lifting $ - 9 gold pieces (327 in total).
 In what direction? 8
 The spell hits the dwarf!
 You kill the dwarf!
 You see here a dagger.
 A rock piercer suddenly drops from the ceiling!
 You are hit by a falling rock piercer!
 You learn more about your items by comparing them.
 You have a little trouble lifting z - an uncursed +0 dagger (6 in total).
 You miss the rock piercer.
 You hit the rock piercer.
 You hit the rock piercer.
 You miss the rock piercer.
 The rock piercer bites!
 You miss the rock piercer.
 You miss the rock piercer.
 You hit the rock piercer.
 The rock piercer bites!
 You die...
 Do you want your possessions identified? [ynq] (y) q

Inventory:
 Coins    ('$')
  $ - 327 gold pieces
 Weapons  (')')
  D - 10 uncursed +0 darts
  z - 6 uncursed +0 daggers
  a - a blessed +1 quarterstaff (weapon in hands)
 Armor    ('[')
  b - an uncursed +2 cloak of magic resistance (being worn)
 Comestibles  ('%')
  I - a cursed slime mold
  J - a cursed apple
  o - 3 uncursed food rations
  V - an uncursed tin of broiled lichen
  q - an uncursed lichen corpse
 Scrolls  ('?')
  k - an uncursed scroll of confuse monster
  R - an uncursed scroll of destroy armor
  s - an uncursed scroll of enchant weapon
  P - an uncursed scroll of genocide
  F - an uncursed scroll of identify
  L - an uncursed scroll of light
  E - an uncursed scroll of remove curse
  O - a cursed scroll of scare monster
  j - an uncursed scroll of teleportation
 Spellbooks  ('+')
  m - an uncursed spellbook of detect monsters
  l - a blessed spellbook of force bolt
  S - an uncursed spellbook of teleport away
 Potions  ('!')
  f - an uncursed potion of booze
  G - a blessed potion of gain energy
  t - an uncursed potion of invisibility
  K - an uncursed potion of monster detection
  g - 2 uncursed potions of paralysis
  U - an uncursed potion of see invisible
  h - an uncursed potion of sleeping
 Rings    ('=')
  e - an uncursed +1 ring of increase accuracy
  d - an uncursed ring of protection from shape changers
 Wands    ('/')
  u - an uncursed wand of create monster (0:14)
  N - an uncursed wand of magic missile (0:4)
  c - an uncursed wand of make invisible (0:7)
  A - an uncursed wand of striking (0:4)
 Tools    ('(')
  Q - an uncursed blindfold
  n - an uncursed magic marker (0:22)
  w - an uncursed magic whistle
 Gems/Stones  ('*')
  T - an uncursed worthless piece of white glass

Jinnora the Wizard's attributes:

Background:
 You were a Conjurer, a level 5 female human Wizard.
 You were neutral, on a mission for Thoth
 who was opposed by Ptah (lawful) and Anhur (chaotic).
 You were right-handed.
 You were in the Dungeons of Doom, on level 5.
 You entered the dungeon 1729 turns ago.
 It was the midnight hour.
 You had 231 experience points, 89 more were needed to attain level 6.

Basics:
 You had 0 out of 36 hit points.
 You had 60 out of 64 energy points (spell power).
 Your armor class was 7.
 Your wallet contained 327 zorkmids.
 Autopickup was off.

Final Characteristics:
 Your strength was 9 (limit:18/100).
 Your dexterity was 15 (limit:18).
 Your constitution was 11 (limit:18).
 Your intelligence was 18 (limit:18).
 Your wisdom was 12 (limit:18).
 Your charisma was 10 (limit:18).

Final Status:
 You were satiated.
 You were burdened; movement was slightly slowed.
 You were wielding a quarterstaff.
 You had basic skill with quarterstaff.

Final Attributes:
 You were devoutly aligned.
 You were magic-protected.
 You were poison resistant.
 You were warded.
 You are dead.

Miscellaneous:
 You didn't encounter any bones levels.
 Total elapsed playing time was 10 minutes and 45 seconds.

Major events:
 Turn
    1: Jinnora the neutral female human Wizard entered the dungeon
  508: entered the Gnomish Mines
  831: attained the rank of Conjurer (level 3)
 1729: killed by a rock piercer

Spells:
 Name                 Level Category     Fail Retention
 force bolt             1   attack         0%  91%-100%
 detect monsters        1   divination     0%  76%-100%
 teleport away          6   escape        98%  76%-100%

Skills:
 Fighting Skills
   bare handed combat [Unskilled]
   riding             [Unskilled]
 Weapon Skills
   dagger             [Unskilled]
   knife              [Unskilled]
   axe                [Unskilled]
   short sword        [Unskilled]
   club               [Unskilled]
   mace               [Unskilled]
   quarterstaff       [Basic]
   polearms           [Unskilled]
   spear              [Unskilled]
   trident            [Unskilled]
   sling              [Unskilled]
   dart               [Unskilled]
   shuriken           [Unskilled]
 Spellcasting Skills
   attack spells      [Basic]
   healing spells     [Unskilled]
   divination spells  [Unskilled]
   enchantment spells [Basic]
   clerical spells    [Unskilled]
   escape spells      [Unskilled]
   matter spells      [Unskilled]

Voluntary challenges:
 Character rerolling was not enabled.
 You never genocided any monsters.
 You never polymorphed an object.
 You never changed form.
 You used no wishes.
Achievements:
 You entered the Gnomish Mines.
 You attained the rank of Conjurer.

 The Dungeons of Doom: levels 1 to 6
    Level 1:
    Level 2:
       Many fountains.
    Level 3:
       Stairs down to The Gnomish Mines.
    Level 4:
    Level 5: <- You were here.
       Final resting place for
          you, killed by a rock piercer.
    Level 6:
 The Gnomish Mines: levels 4 to 5
    Level 4:
    Level 5:


Vanquished creatures:
 an orc shaman
  a shrieker
  2 gnome leaders
 an elf zombie
  a kitten
  5 dwarves
  a homunculus
  2 rothes
  a wererat
 an acid blob
  a gas spore
  a hobbit
  a large kobold
  a hobgoblin
  a giant rat
  a brown mold
  8 gnomes
  a gecko
  4 jackals
  2 goblins
  a grid bug
  4 lichens
  a kobold zombie
  2 newts
45 creatures vanquished.

No species were genocided or became extinct.

Game over:
                       ----------
                      /          \
                     /    REST    \
                    /      IN      \
                   /     PEACE      \
                  /                  \
                  |     Jinnora      |
                  |      327 Au      |
                  | killed by a rock |
                  |     piercer      |
                  |                  |
                  |                  |
                  |       2026       |
                 *|     *  *  *      | *
        _________)/\\_//(\/(/\)/\//\/|_)_______

Goodbye Jinnora the Wizard...

You died in The Dungeons of Doom on dungeon level 5 with 1489 points,
and 327 pieces of gold, after 1729 moves.
You were level 5 with a maximum of 36 hit points when you died.

